 Dungeon Crawl Stone Soup version 0.20-a0-261-gcb1eca7 (console) character file.

44 Schnappi the Gusty (level 3, -2/21 HPs)
             Began as a High Elf Air Elementalist on Dec 3, 2016.
             Slain by Sigmund
             ... wielding a +2 scythe of protection
              (5 damage)
             ... on level 2 of the Dungeon.
             The game lasted 00:05:43 (1227 turns).

Schnappi the Gusty (High Elf Air Elementalist)      Turns: 1227, Time: 00:05:43

Health: -2/21      AC:  2    Str:  7    XL:     3   Next: 39%
Magic:  6/9        EV: 13    Int: 24    God:
Gold:   51         SH:  0    Dex: 16    Spells: 8/9 levels left

rFire  . . .     SeeInvis .     l - +0 whip
rCold  . . .     Gourm    .     a - +0 robe
rNeg   . . .     Faith    .     (no shield)
rPois  .         Spirit   .     (no helmet)
rElec  .         Reflect  .     (no cloak)
rCorr  .         Harm     .     (no gloves)
MR     .....                    (no boots)
Stlth  ++........               (no amulet)
                                (no ring)
                                m - +5 ring of intelligence

@: no status effects
A: no striking features
a: no special abilities


You were on level 2 of the Dungeon.
You were not hungry.

You visited 1 branch of the dungeon, and saw 2 of its levels.

You collected 51 gold pieces.

Inventory:

Hand Weapons
 l - a +0 whip (weapon)
Armour
 a - a +0 robe (worn)
 d - a +0 pair of boots
Jewellery
 m - a +5 ring of intelligence (left hand)
Scrolls
 e - 6 scrolls of remove curse {unknown}
 i - a scroll of recharging {unknown}
 j - 2 scrolls of enchant armour {unknown}
 k - a scroll of blinking {unknown}
Books
 b - a book of Air

   Spells                             Type                      Level
   a - Shock                          Conjuration/Air              1
   b - Swiftness                      Charms/Air                   2
   c - Repel Missiles                 Charms/Air                   2
   d - Static Discharge               Conjuration/Air              3
   e - Lightning Bolt                 Conjuration/Air              5
Comestibles
 c - a bread ration
 f - 2 chunks of flesh
 g - 2 meat rations
 h - a beef jerky


   Skills:
 - Level 2.1 Dodging
 + Level 2.1 Stealth
 + Level 3.6 Spellcasting
 + Level 1.3 Conjurations
 + Level 4.3 Air Magic


You had 8 spell levels left.
You knew the following spells:

 Your Spells              Type           Power        Failure   Level  Hunger
a - Shock                 Conj/Air       ###.         3%          1    None


Dungeon Overview and Level Annotations

Branches:
Dungeon (2/15)

Altars:
Nemelex Xobeh

Annotations:
D:2 Sigmund


Message History

Confirm with . or Enter, or press ? or * to list all spells.
You don't know that spell.
Casting: Shock
Confirm with . or Enter, or press ? or * to list all spells.
Aiming: Shock
Press: ? - help, Shift-Dir - straight line Something hits you but does no damage.
Casting: Shock
Confirm with . or Enter, or press ? or * to list all spells.
Aiming: Shock
Press: ? - help, Shift-Dir - straight line The zap hits something.
Something hits you.
* * * LOW HITPOINT WARNING * * *
You completely miss something.
Casting: Shock
Confirm with . or Enter, or press ? or * to list all spells.
Aiming: Shock
Press: ? - help, Shift-Dir - straight line The zap hits something.
Something hits you.
You die...

...# ...##......#
#### #..#......#
#.#......#
#†.......#
#####.......# #
#...........#
#.#......##.###
#.#......##.#####.
#.....)...........
###.....#.#.#####.
#.......@...#
#.#######{#.#
.......<..(.#
......#†..#
..............#
..............#
##............#
#............#
#............#
#............#
........>....#


There were no monsters in sight!

Vanquished Creatures
  2 adders (D:2)
  2 dart slugs
  4 goblins
  2 hobgoblins
  6 bats
  2 frilled lizards (D:2)
  2 kobolds (D:2)
  5 rats
25 creatures vanquished.

Vanquished Creatures (others)
  5 toadstools (D:1)
5 creatures vanquished.

Grand Total: 30 creatures vanquished

Notes
Turn   | Place    | Note
-------+----------+-------------------------------------------
     0 | D:1      | Schnappi the High Elf Air Elementalist began the quest for the Orb.
     0 | D:1      | Reached XP level 1. HP: 11/11 MP: 4/4
   355 | D:1      | Reached XP level 2. HP: 11/17 MP: 0/7
   919 | D:2      | Reached skill level 4 in Air Magic
  1003 | D:2      | Found a sparkling altar of Nemelex Xobeh.
  1067 | D:2      | Reached XP level 3. HP: 21/21 MP: 5/9
  1147 | D:2      | Noticed Sigmund
  1221 | D:2      | HP: 1/21 [something (14)]
  1227 | D:2      | Slain by Sigmund

Vault maps used:
D:1:      ldierk_walled_garden
D:2:      nicolae_tso_swordbearing_angel, interstate_on_off,
          nemelex_lonely_heart_becter, uniq_sigmund, uniq_iyjb

Skill      XL: |  1  2 |
---------------+-------+-----
Spellcasting   | 3 |  3.6
Air Magic      | 4 |  4.3
Dodging        | |  2.1
Stealth        | |  2.1
Conjurations   | |  1.3

Action                   || total
-------------------------++-------
Melee: Unarmed           ||     3
       Whip              ||     4
 Cast: Shock             ||    55
  Use: Potion            ||     1
  Eat: Chunk             ||     1
Armor: Robe              ||     3
Dodge: Dodged            ||    14
